| TOP OF THE 1ST |
|
Wisconsin Timber Rattlers batting - Pitching for Dayton Dragons : RHP Justin Ezzell
|
|
Pitching: RHP Justin Ezzell
|
|
|
Batting: RHB Nick Spiller
|
0-0: Ground out 1-3 (Groundball, 13S, EV 70.0 MPH)
|
|
Batting: RHB Nick Garland
|
0-0: Ground out U3 (Groundball, 3, EV 92.5 MPH)
|
|
Batting: LHB Joe Vida
|
0-0: Ball 1-0: Ball 2-0: Called Strike 2-1: Swinging Strike 2-2: Ball 3-2: Fly out, F7 (Flyball, 7LM, EV 86.9 MPH)
|
| Top of the 1st over - 0 runs, 0 hits, 0 errors, 0 left on base; Wisconsin 0 - Dayton 0 |
| BOTTOM OF THE 1ST |
|
Dayton Dragons batting - Pitching for Wisconsin Timber Rattlers : RHP Jeff Swomley
|
|
Pitching: RHP Jeff Swomley
|
|
|
Batting: LHB Nick Nino
|
0-0: Ground out 4-3 (Groundball, 4, EV 94.4 MPH)
|
|
Batting: LHB Chris Grunwald
|
0-0: Ball 1-0: Called Strike 1-1: SINGLE (Groundball, 6M, EV 85.6 MPH) (infield hit)
|
|
Batting: LHB Matt Kennedy
|
0-0: Ball Chris Grunwald steals 2nd base 1-0: Ball 2-0: Called Strike 2-1: Called Strike 2-2: Ball 3-2: Reached on error, E6 (Groundball, 6, EV 85.0 MPH) Chris Grunwald to third
|
|
Batting: RHB Bruno André
|
0-0: Called Strike 0-1: Ball 1-1: Ball 2-1: Ball 3-1: Base on Balls Matt Kennedy to second
|
|
Batting: RHB Mark Williams
|
0-0: Ball 1-0: Ball 2-0: Fly out, F6 (Flyball, 6D, EV 88.1 MPH)
|
|
Batting: RHB Jonathan Davis
|
0-0: Called Strike 0-1: Swinging Strike 0-2: Foul Ball, location: 2F 0-2: Strikes out swinging
|
| Bottom of the 1st over - 0 runs, 1 hit, 1 error, 3 left on base; Wisconsin 0 - Dayton 0 |
| TOP OF THE 2ND |
|
Wisconsin Timber Rattlers batting - Pitching for Dayton Dragons : RHP Justin Ezzell
|
|
Batting: RHB Aaron Lind
|
0-0: Ball 1-0: Foul Ball, location: 2F 1-1: Ball 2-1: Ball 3-1: Base on Balls
|
|
Batting: RHB Rafael Medina
|
0-0: Fly out, F7 (Line Drive, 7, EV 86.2 MPH)
|
|
Batting: LHB Andy Sanchez
|
0-0: Ball 1-0: Fielders Choice at 2nd, 1-6 (Groundball, P, EV 68.1 MPH)
|
|
Batting: RHB Jeff Cornett
|
0-0: Ball 1-0: Ball 2-0: Ball 3-0: Called Strike 3-1: Foul Ball, location: 2F 3-2: Strikes out looking
|
| Top of the 2nd over - 0 runs, 0 hits, 0 errors, 1 left on base; Wisconsin 0 - Dayton 0 |
| BOTTOM OF THE 2ND |
|
Dayton Dragons batting - Pitching for Wisconsin Timber Rattlers : RHP Jeff Swomley
|
|
Batting: RHB Ben Hinman
|
0-0: Called Strike 0-1: Ball 1-1: Ball 2-1: Fly out, F9 (Flyball, 9S, EV 84.4 MPH)
|
|
Batting: RHB Pat Grover
|
0-0: Ball 1-0: Ball 2-0: Ground out 6-3 (Groundball, 6, EV 103.1 MPH)
|
|
Batting: RHB Tim Walter
|
0-0: Swinging Strike 0-1: Foul Ball, location: 2F 0-2: Strikes out swinging
|
| Bottom of the 2nd over - 0 runs, 0 hits, 0 errors, 0 left on base; Wisconsin 0 - Dayton 0 |
| TOP OF THE 3RD |
|
Wisconsin Timber Rattlers batting - Pitching for Dayton Dragons : RHP Justin Ezzell
|
|
Batting: RHB John Freeman
|
0-0: Ground out 4-3 (Groundball, 4, EV 107.5 MPH)
|
|
Batting: RHB Tyler Badillo
|
0-0: Ball 1-0: Called Strike 1-1: Ground out U3 (Groundball, 34, EV 83.1 MPH)
|
|
Batting: RHB Nick Spiller
|
0-0: SINGLE (Groundball, 25, EV 70.6 MPH) (infield hit)
|
|
Batting: RHB Nick Garland
|
0-0: Ball 1-0: Called Strike Nick Spiller steals 2nd base 1-1: Swinging Strike 1-2: Strikes out swinging, 2-3 out at first.
|
| Top of the 3rd over - 0 runs, 1 hit, 0 errors, 1 left on base; Wisconsin 0 - Dayton 0 |
| BOTTOM OF THE 3RD |
|
Dayton Dragons batting - Pitching for Wisconsin Timber Rattlers : RHP Jeff Swomley
|
|
Batting: LHB Nick Nino
|
0-0: Foul Ball, location: 2F 0-1: Ground out 4-3 (Groundball, 4, EV 87.5 MPH)
|
|
Batting: LHB Chris Grunwald
|
0-0: Called Strike 0-1: Called Strike 0-2: Ball 1-2: Strikes out swinging
|
|
Batting: LHB Matt Kennedy
|
0-0: Foul Ball, location: 2F 0-1: Ball 1-1: Called Strike 1-2: Foul Ball, location: 2F 1-2: Ball 2-2: Ball 3-2: Ground out 6-3 (Groundball, 6, EV 95.6 MPH)
|
| Bottom of the 3rd over - 0 runs, 0 hits, 0 errors, 0 left on base; Wisconsin 0 - Dayton 0 |
| TOP OF THE 4TH |
|
Wisconsin Timber Rattlers batting - Pitching for Dayton Dragons : RHP Justin Ezzell
|
|
Batting: LHB Joe Vida
|
0-0: Ball 1-0: Ball 2-0: Called Strike 2-1: Ground out U3 (Groundball, 3, EV 78.8 MPH)
|
|
Batting: RHB Aaron Lind
|
0-0: Called Strike 0-1: Swinging Strike 0-2: Strikes out looking
|
|
Batting: RHB Rafael Medina
|
0-0: Foul Ball, location: 2F 0-1: Foul Ball, location: 2F 0-2: Ball 1-2: Ball 2-2: Strikes out swinging, 2-3 out at first.
|
| Top of the 4th over - 0 runs, 0 hits, 0 errors, 0 left on base; Wisconsin 0 - Dayton 0 |
| BOTTOM OF THE 4TH |
|
Dayton Dragons batting - Pitching for Wisconsin Timber Rattlers : RHP Jeff Swomley
|
|
Batting: RHB Bruno André
|
0-0: Called Strike 0-1: Foul Ball, location: 2F 0-2: Ground out 6-3 (Groundball, 6, EV 90.0 MPH)
|
|
Batting: RHB Mark Williams
|
0-0: Ground out 1-3 (Groundball, 13S, EV 69.4 MPH)
|
|
Batting: RHB Jonathan Davis
|
0-0: Ball 1-0: Ball 2-0: Ground out 4-3 (Groundball, 4, EV 106.9 MPH)
|
| Bottom of the 4th over - 0 runs, 0 hits, 0 errors, 0 left on base; Wisconsin 0 - Dayton 0 |
| TOP OF THE 5TH |
|
Wisconsin Timber Rattlers batting - Pitching for Dayton Dragons : RHP Justin Ezzell
|
|
Batting: LHB Andy Sanchez
|
0-0: Called Strike 0-1: Ball 1-1: Ball 2-1: Ground out U3 (Groundball, 34, EV 101.9 MPH)
|
|
Batting: RHB Jeff Cornett
|
0-0: Foul Ball, location: 2F 0-1: Ball 1-1: Ball 2-1: Ball 3-1: Ground out 1-3 (Groundball, 13S, EV 73.1 MPH)
|
|
Batting: RHB John Freeman
|
0-0: Called Strike 0-1: Foul Ball, location: 2F 0-2: Ball 1-2: Foul Ball, location: 2F 1-2: SINGLE (Line Drive, 8LS, EV 93.1 MPH)
|
|
Batting: RHB Tyler Badillo
|
0-0: Ball 1-0: Ball John Freeman steals 2nd base 2-0: Called Strike 2-1: Ball 3-1: 2-RUN HOME RUN (Flyball, 7D, EV 92.5 MPH), Distance : 357 ft
|
|
Batting: RHB Nick Spiller
|
0-0: Called Strike 0-1: Swinging Strike 0-2: DOUBLE (Flyball, 89XD, EV 110.0 MPH)
|
|
Batting: RHB Nick Garland
|
0-0: Ground out U3 (Groundball, 3S, EV 85.6 MPH)
|
| Top of the 5th over - 2 runs, 3 hits, 0 errors, 1 left on base; Wisconsin 2 - Dayton 0 |
| BOTTOM OF THE 5TH |
|
Dayton Dragons batting - Pitching for Wisconsin Timber Rattlers : RHP Jeff Swomley
|
|
Batting: RHB Ben Hinman
|
0-0: Ball 1-0: Ball 2-0: Swinging Strike 2-1: Swinging Strike 2-2: Strikes out swinging
|
|
Batting: RHB Pat Grover
|
0-0: Ball 1-0: Called Strike 1-1: Ball 2-1: SINGLE (Line Drive, 3D, EV 93.8 MPH)
|
|
Batting: RHB Tim Walter
|
0-0: Called Strike 0-1: SINGLE (Groundball, 34D, EV 96.9 MPH) Pat Grover to second
|
|
Batting: LHB Nick Nino
|
0-0: SINGLE (Groundball, 34S, EV 71.9 MPH) (infield hit) Pat Grover to third Tim Walter to second
|
|
Batting: LHB Chris Grunwald
|
0-0: Ball 1-0: Called Strike 1-1: Called Strike 1-2: Ball 2-2: Strikes out swinging
|
|
Batting: LHB Matt Kennedy
|
0-0: Ball 1-0: Ball 2-0: Ball 3-0: Base on Balls Pat Grover scores Tim Walter to third Nick Nino to second
|
|
Batting: RHB Bruno André
|
0-0: Reached on error, E5 (Groundball, 56, EV 85.6 MPH) Tim Walter scores Nick Nino to third Matt Kennedy to second
|
|
Batting: RHB Mark Williams
|
0-0: Ball 1-0: Called Strike 1-1: Foul Ball, location: 2F 1-2: Ground out 4-3 (Groundball, 34, EV 80.6 MPH)
|
| Bottom of the 5th over - 2 runs, 3 hits, 1 error, 3 left on base; Wisconsin 2 - Dayton 2 |
| TOP OF THE 6TH |
|
Wisconsin Timber Rattlers batting - Pitching for Dayton Dragons : RHP Justin Ezzell
|
|
Batting: LHB Joe Vida
|
0-0: Called Strike 0-1: Ball 1-1: Called Strike 1-2: Foul Ball, location: 2F 1-2: Ball 2-2: Foul Ball, location: 2F 2-2: Foul Ball, location: 2F 2-2: Ball 3-2: Base on Balls
|
|
Batting: RHB Aaron Lind
|
0-0: Ball 1-0: Called Strike 1-1: Fly out, F8 (Flyball, 78S, EV 72.5 MPH)
|
|
Batting: RHB Rafael Medina
|
0-0: Foul Ball, location: 2F 0-1: Swinging Strike 0-2: Ball 1-2: Strikes out swinging
|
|
Batting: LHB Andy Sanchez
|
0-0: Ball 1-0: Called Strike 1-1: Swinging Strike 1-2: Foul Ball, location: 2F 1-2: Strikes out looking
|
| Top of the 6th over - 0 runs, 0 hits, 0 errors, 1 left on base; Wisconsin 2 - Dayton 2 |
| BOTTOM OF THE 6TH |
|
Dayton Dragons batting - Pitching for Wisconsin Timber Rattlers : RHP Jeff Swomley
|
|
Batting: RHB Jonathan Davis
|
0-0: Ball 1-0: Ball 2-0: Called Strike 2-1: Ball 3-1: Called Strike 3-2: Strikes out swinging
|
|
Pitching: RHP Joe Shaw
|
|
|
Pinch Hitting: LHB Leo Gomez
|
0-0: Ball 1-0: Ball 2-0: Called Strike 2-1: Ground out U3 (Groundball, 34, EV 85.0 MPH)
|
|
Batting: RHB Pat Grover
|
0-0: Called Strike 0-1: Ball 1-1: Ball 2-1: Foul Ball, location: 2F 2-2: Foul Ball, location: 2F 2-2: Foul Ball, location: 2F 2-2: Fly out, F6 (Line Drive, 6, EV 70.0 MPH)
|
| Bottom of the 6th over - 0 runs, 0 hits, 0 errors, 0 left on base; Wisconsin 2 - Dayton 2 |
| TOP OF THE 7TH |
|
Wisconsin Timber Rattlers batting - Pitching for Dayton Dragons : RHP Justin Ezzell
|
|
Now at 1B: Leo Gomez
|
|
|
Batting: RHB Jeff Cornett
|
0-0: DOUBLE (Line Drive, 9LM, EV 102.5 MPH)
|
|
Batting: RHB John Freeman
|
0-0: Ball 1-0: Fly out, F9 (Flyball, 89D, EV 97.5 MPH) Runner from 2nd tags up, SAFE at 3rd, no throw by RF
|
|
Batting: RHB Tyler Badillo
|
0-0: Called Strike 0-1: Swinging Strike 0-2: Ball 1-2: Strikes out looking
|
|
Batting: RHB Nick Spiller
|
0-0: Fly out, F2 (Popup, 3SF, EV 83.1 MPH)
|
| Top of the 7th over - 0 runs, 1 hit, 0 errors, 1 left on base; Wisconsin 2 - Dayton 2 |
| BOTTOM OF THE 7TH |
|
Dayton Dragons batting - Pitching for Wisconsin Timber Rattlers : RHP Joe Shaw
|
|
Pitching: RHP Brian Harper
|
|
|
Batting: RHB Tim Walter
|
0-0: Ball 1-0: Ball 2-0: Ball 3-0: Called Strike 3-1: Base on Balls
|
|
Batting: LHB Nick Nino
|
0-0: Bunt - Flyout to 2R! F2
|
|
Batting: LHB Chris Grunwald
|
0-0: Called Strike 0-1: Ball 1-1: Swinging Strike 1-2: Strikes out looking
|
|
Batting: LHB Matt Kennedy
|
0-0: Ball 1-0: Ball 2-0: Called Strike 2-1: Fly out, F8 (Flyball, 8RS, EV 84.4 MPH)
|
| Bottom of the 7th over - 0 runs, 0 hits, 0 errors, 1 left on base; Wisconsin 2 - Dayton 2 |
| TOP OF THE 8TH |
|
Wisconsin Timber Rattlers batting - Pitching for Dayton Dragons : RHP Justin Ezzell
|
|
Batting: RHB Nick Garland
|
0-0: Ball 1-0: Ground out 4-3 (Groundball, 4, EV 100.6 MPH)
|
|
Pitching: RHP Adam McCurdy
|
|
|
Batting: LHB Joe Vida
|
0-0: Called Strike 0-1: Ball 1-1: Ball 2-1: Called Strike 2-2: SINGLE (Groundball, 4, EV 96.9 MPH)
|
|
Batting: RHB Aaron Lind
|
0-0: Ball 1-0: Called Strike 1-1: Ball 2-1: Called Strike 2-2: Ball 3-2: Strikes out looking
|
|
Batting: RHB Rafael Medina
|
0-0: Ball 1-0: Foul Ball, location: 2F 1-1: Foul Ball, location: 2F 1-2: Fielders Choice at 2nd, 6-4 (Groundball, 6, EV 82.5 MPH)
|
| Top of the 8th over - 0 runs, 1 hit, 0 errors, 1 left on base; Wisconsin 2 - Dayton 2 |
| BOTTOM OF THE 8TH |
|
Dayton Dragons batting - Pitching for Wisconsin Timber Rattlers : RHP Brian Harper
|
|
Pitching: RHP Jeff Alanis
|
|
|
Pinch Hitting: SHB Kristian Kristensen
|
0-0: Foul Ball, location: 2F 0-1: Ball 1-1: Ball 2-1: SINGLE (Groundball, 3D, EV 107.5 MPH)
|
|
Pinch Hitting: LHB Andrew Hamm
|
0-0: Called Strike 0-1: Foul Ball, location: 2F 0-2: Ball 1-2: Ball 2-2: Strikes out swinging
|
|
Batting: RHB Jonathan Davis
|
0-0: Ball 1-0: Grounds into double play, 4-6-3 (Groundball, 4, EV 103.1 MPH)
|
| Bottom of the 8th over - 0 runs, 1 hit, 0 errors, 0 left on base; Wisconsin 2 - Dayton 2 |
| TOP OF THE 9TH |
|
Wisconsin Timber Rattlers batting - Pitching for Dayton Dragons : RHP Adam McCurdy
|
|
Pitching: RHP Justin Ambrose
|
|
|
Now at 2B: John Galluzzo
|
|
|
Now in LF: Kristian Kristensen
|
|
|
Batting: LHB Andy Sanchez
|
0-0: SINGLE (Line Drive, 7LS, EV 96.2 MPH)
|
|
Batting: RHB Jeff Cornett
|
0-0: Ball 1-0: Foul Ball, location: 2F 1-1: Ball 2-1: Fielders Choice at 2nd, 6-4 (Groundball, 6, EV 85.6 MPH)
|
|
Batting: RHB John Freeman
|
0-0: Called Strike Jeff Cornett steals 2nd base 0-1: Called Strike 0-2: Foul Ball, location: 2F 0-2: Foul Ball, location: 2F 0-2: Ball 1-2: Ball 2-2: Foul Ball, location: 2F 2-2: Fly out, F9 (Flyball, 89D, EV 105.0 MPH) Runner from 2nd tags up, SAFE at 3rd, no throw by RF
|
|
Batting: RHB Tyler Badillo
|
0-0: Swinging Strike 0-1: DOUBLE (Line Drive, 89XD, EV 103.1 MPH) Jeff Cornett scores
|
|
Batting: RHB Nick Spiller
|
0-0: Foul Ball, location: 2F 0-1: Ball 1-1: Foul Ball, location: 2F 1-2: Ball 2-2: Foul Ball, location: 2F 2-2: Fly out, F8 (Flyball, 89D, EV 88.1 MPH)
|
| Top of the 9th over - 1 run, 2 hits, 0 errors, 1 left on base; Wisconsin 3 - Dayton 2 |
| BOTTOM OF THE 9TH |
|
Dayton Dragons batting - Pitching for Wisconsin Timber Rattlers : RHP Jeff Alanis
|
|
Pitching: RHP Elijah Seabrooks
|
|
|
Batting: LHB Leo Gomez
|
0-0: Ground out 4-3 (Groundball, 4, EV 106.2 MPH)
|
|
Batting: RHB Pat Grover
|
0-0: Ball 1-0: Ball 2-0: Foul Ball, location: 2F 2-1: Swinging Strike 2-2: Ball 3-2: Strikes out swinging
|
|
Batting: RHB Tim Walter
|
0-0: Called Strike 0-1: Ball 1-1: Ball 2-1: Swinging Strike 2-2: Strikes out swinging
|
| Bottom of the 9th over - 0 runs, 0 hits, 0 errors, 0 left on base; Wisconsin 3 - Dayton 2 |
|